 Dungeon Crawl Stone Soup version 0.29.1-2-gbd0b4ee654 (webtiles) character file.

Game seed: 17807543678471768600

18350 GeoRichter the Severer (level 12, -3/112 HPs)
             Began as a Minotaur Berserker on Nov 11, 2022.
             Was an Elder of Trog.
             Slain by a bone dragon (11 damage)
             ... on level 1 of the Abyss.
             The game lasted 00:23:28 (12381 turns).

GeoRichter the Severer (Minotaur Berserker)        Turns: 12381, Time: 00:23:29

Health: -3/112     AC: 12    Str: 27    XL:     12   Next: 26%
Magic:  11/11      EV: 12    Int:  4    God:    Trog [****..]
Gold:   680        SH: 10    Dex: 10    Spells: 11/11 levels left

rFire   + + .      SeeInvis .   a - +6 war axe
rCold   . . .      Faith    .   G - +0 buckler {rF+}
rNeg    . . .      Spirit   .   E - +2 scale mail {rF+}
rPois   .          Reflect  +   (helmet restricted)
rElec   .          Harm     .   (no cloak)
rCorr   .          Rampage  .   q - +0 pair of gloves
Will    .....                   k - +0 pair of boots
Stlth   ..........              x - amulet of reflection
HPRegen 0.00/turn               (no ring)
MPRegen 0.12/turn               (no ring)

@: about to teleport, on berserk cooldown, sick, hasted and slowed
A: horns 2, retaliatory headbutt
a: Renounce Religion, Berserk, Trog's Hand, Brothers in Arms


You were on level 1 of the Abyss.
You worshipped Trog.
Trog was greatly pleased with you.
You visited 2 branches of the dungeon, and saw 11 of its levels.
You visited the Abyss 1 time.
You also visited: Volcano.

You collected 680 gold pieces.

Inventory:

Hand Weapons
 a - a +6 war axe (weapon)
   (You took it off a wight on level 6 of the Dungeon)
 b - a +0 morningstar of holy wrath
   (You took it off an orc priest on level 3 of the Dungeon)
Missiles
 l - 33 stones
 w - 3 throwing nets {!f}
 L - 11 boomerangs (quivered)
Armour
 k - a +0 pair of boots (worn)
   (You found it on level 1 of the Dungeon)
 q - a +0 pair of gloves (worn)
   (You found it on level 2 of the Dungeon)
 y - a +0 plate armour
   (You found it on level 5 of the Dungeon)
 E - a +2 scale mail of fire resistance (worn)
   (You found it in a volcano)
 G - a +0 buckler of fire resistance (worn)
   (You took it off a gnoll sergeant on level 7 of the Dungeon)
Jewellery
 x - an amulet of reflection (around neck)
   (You found it on level 4 of the Dungeon)
 N - a +6 ring of intelligence
   (You found it on level 2 of the Lair of Beasts)
 O - an amulet of regeneration
   (You found it on level 3 of the Lair of Beasts)
Wands
 f - a wand of mindburst (18)
   (You found it on level 2 of the Lair of Beasts)
 s - a wand of digging (4)
   (You found it on level 3 of the Dungeon)
 z - a wand of quicksilver (16)
   (You found it on level 5 of the Dungeon)
 C - a wand of roots (8)
   (You took it off Duvessa on level 6 of the Dungeon)
 D - a wand of polymorph (3)
   (You found it on level 6 of the Dungeon)
Scrolls
 c - 3 scrolls of enchant weapon
 g - 3 scrolls of teleportation {@r4}
 i - a scroll of silence {unknown}
 m - 2 scrolls of vulnerability {!r}
 n - 2 scrolls of magic mapping
 o - a scroll of fear {unknown}
 r - 2 scrolls of poison {unknown}
 B - a scroll of blinking {unknown}
 H - a scroll of amnesia {unknown}
 I - a scroll of torment {unknown}
 J - a scroll of enchant armour {unknown}
 P - a scroll of acquirement {unknown}
 Q - a scroll of immolation {unknown}
Potions
 d - 2 potions of berserk rage
 e - 4 potions of attraction {!q}
 h - a potion of might {unknown}
 j - a potion of lignification {unknown}
 p - 3 potions of curing {@q1}
 t - 2 potions of mutation {!q}
 u - a potion of haste {@q3}
 v - 3 potions of brilliance
 A - 2 potions of heal wounds {unknown}
 F - a potion of cancellation
 K - 3 potions of invisibility
 M - a potion of ambrosia {unknown}


   Skills:
 * Level 12.1 Fighting
 * Level 15.0 Axes
 + Level 6.1 Throwing
 + Level 8.1 Armour
 + Level 7.3 Dodging
 - Level 5.0 Shields
 - Level 5.0 Evocations


You had 11 spell levels left.
You didn't know any spells.
Your spell library was empty.

Dungeon Overview and Level Annotations

Branches:
Dungeon (8/15) Zot: 25989  Temple (0/1) D:6            Lair (3/5) D:8 Zot: 14721
 Spider (0/4) Lair:2      Volcano (visited)
  Swamp: Lair:2-3    Shoals: Lair:2-3

Altars:
Gozag
Kikubaaqudgha
Nemelex Xobeh
Okawaru
Qazlal
Sif Muna
Uskayaw
Xom
The Shining One

Annotations:
D:5 1 runed translucent door, lis82's ghost, novice DgHW
Lair:3 Sonja


Innate Abilities, Weirdness & Mutations

You have a pair of horns on your head.
You reflexively headbutt those who attack you in melee.


Message History

You block the thrashing horror's attack.
The thrashing horror completely misses you.
The thrashing horror roars!
You block the thrashing horror's attack.
The thrashing horror tramples you but does no damage.
The starspawn tentacle grabs you. The starspawn tentacle constricts you.
As you read the scroll of teleportation {@r4}, it crumbles to dust.
You feel strangely unstable.
You feel the power of the Abyss delaying your translocation!
The thrashing horror roars!
The thrashing horror tramples you.
* * * LOW HITPOINT WARNING * * *
You are held in place!
The thrashing horror tramples you but does no damage.
The thrashing horror tramples you.
* * * LOW HITPOINT WARNING * * *
You are held in place!
The thrashing horror tramples you but does no damage.
The starspawn tentacle loses its grip on you.
The tentacle pulls you backwards!
The starspawn tentacle barely misses you.
The thrashing horror barely misses you.
The thrashing horror tramples you but does no damage.
The thrashing horror roars!
The thrashing horror closely misses you.
You furiously retaliate!
You headbutt the thrashing horror.
The thrashing horror tramples you but does no damage.
The starspawn tentacle grabs you. The starspawn tentacle constricts you.
* * * LOW HITPOINT WARNING * * *
You escape the starspawn tentacle's grasp.
The thrashing horror roars!
The thrashing horror closely misses you.
The thrashing horror tramples you but does no damage.
Unknown command.
The thrashing horror roars!
The thrashing horror tramples you but does no damage. x2
The starspawn tentacle grabs you. The starspawn tentacle constricts you.
* * * LOW HITPOINT WARNING * * *
A starspawn tentacle comes into view.
The starspawn tentacle's grasp on you weakens, but your attempt to escape fails.
The thrashing horror barely misses you.
You block the thrashing horror's attack.
The starspawn tentacle loses its grip on you.
The tentacle pulls you backwards! The starspawn tentacle grabs you.
The starspawn tentacle constricts you.
Unknown command.
You escape the starspawn tentacle's grasp.
The bone dragon attacks as you move away!
The bone dragon bites you!
You die...

..... . ........##.### .
..........#..#.# ..
#..... .. ....# .
...###...###.... .# .#
#.....#.....#..######..
.................#.. ...
...........D§#.## # .
..... ...x./#@.#.# .
#.....#.. ..#...X..#
...###...###.#.#..#
#.....#.....#...........
.. .............#.##..
...............###....#.
..†..........##.. ...§..
# †...#.....## .. .##§.#
##...###...### .#. .#


You could see a bone dragon and a thrashing horror.

Vanquished Creatures
  A boulder beetle (Lair:1)
  A thrashing horror (Abyss:1)
  A hell knight (Volcano)
  A sun demon (Volcano)
  Pikel (D:5)
  A lindwurm (Lair:2)
  2 black mambas (Lair:2)
  Maggie (D:6)
  5 cane toads
  5 komodo dragons
  A rime drake (Lair:2)
  An ancient zyme (Abyss:1)
  2 red devils (Volcano)
  A polar bear (Lair:1)
  3 raiju (Abyss:1)
  2 hornets
  Sigmund (D:6)
  8 yaks
  3 culicivoras (Lair:2)
  3 wyverns
  9 fire bats (Volcano)
  A steam dragon (D:7)
  A basilisk (Lair:1)
  A chaos spawn (Abyss:1)
  Menkaure (D:6)
  6 water moccasins
  A hell hound (Volcano)
  Duvessa (D:6)
  A sky beast (D:7)
  2 black bears
  2 ogres (D:5)
  A centaur (D:8)
  4 lemures (D:5)
  A phantom (D:6)
  4 wolves (Lair:2)
  2 kobold brigands (D:8)
  2 gnoll sergeants
  7 bullfrogs
  4 necrophages
  3 scorpions
  4 wights (D:6)
  Dowan (D:6)
  An electric eel (Lair:2)
  9 lava snakes (Volcano)
  4 quasits
  2 gnoll boudas (D:8)
  7 hounds
  4 jellies
  4 orc priests
  7 orc wizards
  6 adders
  16 gnolls
  A white imp (D:7)
  An ufetubus (D:4)
  2 worms
  3 dart slugs
  13 orcs
  7 endoplasms
  4 giant cockroaches
  9 goblins
  10 hobgoblins
  6 quokkas
  8 ball pythons
  6 bats
  3 frilled lizards
  15 kobolds
  5 rats
256 creatures vanquished.

Vanquished Creatures (collateral kills)
  A hydra (Lair:2)
  A komodo dragon (Lair:2)
2 creatures vanquished.

Vanquished Creatures (others)
  A yak (D:6)
  An iguana (D:6)
  An orc (D:6)
  4 fungi
  10 plants
  3 starspawn tentacles (Abyss:1)
20 creatures vanquished.

Grand Total: 278 creatures vanquished

Notes
Turn   | Place    | Note
-------+----------+-------------------------------------------
     0 | D:1      | GeoRichter the Minotaur Berserker began the quest for the
                  | Orb.
     0 | D:1      | Reached XP level 1. HP: 19/19 MP: 0/0
   168 | D:1      | Reached skill level 4 in Axes
   209 | D:1      | Reached XP level 2. HP: 27/27 MP: 1/1
   289 | D:1      | Found a faded altar of an unknown god.
   658 | D:1      | Reached ** piety under Trog
   684 | D:1      | Reached XP level 3. HP: 33/33 MP: 2/2
  1300 | D:2      | Reached skill level 5 in Axes
  1709 | D:2      | Reached XP level 4. HP: 41/41 MP: 3/3
  2019 | D:3      | Noticed a necrophage
  2032 | D:3      | Killed a necrophage
  2033 | D:3      | Reached skill level 6 in Axes
  2033 | D:3      | Reached XP level 5. HP: 42/47 MP: 4/4
  2140 | D:3      | Reached skill level 5 in Fighting
  2226 | D:3      | Reached *** piety under Trog
  2556 | D:3      | Found a hide-covered altar of Uskayaw.
  2556 | D:3      | Found a sparkling altar of Nemelex Xobeh.
  2759 | D:4      | Reached skill level 7 in Axes
  2842 | D:4      | Reached XP level 6. HP: 55/56 MP: 5/5
  2901 | D:4      | Noticed a hornet
  2905 | D:4      | Killed a hornet
  3084 | D:4      | Reached skill level 8 in Axes
  3092 | D:4      | Reached XP level 7. HP: 63/63 MP: 6/6
  3110 | D:4      | Found a stormy altar of Qazlal.
  3351 | D:5      | Entered Level 5 of the Dungeon
  3605 | D:5      | Noticed lis82's ghost (novice DgHW)
  3610 | D:5      | Found a runed translucent door.
  3611 | D:5      | Noticed Pikel
  4072 | D:5      | Found a shimmering blue altar of Sif Muna.
  4099 | D:5      | Killed Pikel
  4100 | D:5      | Reached skill level 10 in Axes
  4100 | D:5      | Reached XP level 8. HP: 69/74 MP: 7/7
  4900 | D:6      | Reached skill level 1 in Throwing
  4930 | D:6      | Found a staircase to the Ecumenical Temple.
  5038 | D:6      | Found a shimmering altar of Xom.
  5064 | D:6      | Reached skill level 11 in Axes
  5069 | D:6      | Noticed Maggie
  5083 | D:6      | Killed Maggie
  5214 | D:6      | Reached XP level 9. HP: 82/82 MP: 8/8
  5260 | D:6      | Found an opulent altar of Gozag.
  5614 | D:6      | Noticed Duvessa
  5614 | D:6      | Noticed Dowan
  5621 | D:6      | Killed Duvessa
  5623 | D:6      | Killed Dowan
  5834 | D:6      | Noticed Sigmund
  5834 | D:6      | Noticed Menkaure
  5848 | D:6      | Killed Menkaure
  5851 | D:6      | Killed Sigmund
  5852 | D:6      | Reached skill level 12 in Axes
  6245 | D:7      | Found an ancient bone altar of Kikubaaqudgha.
  6515 | D:7      | Reached skill level 1 in Shields
  7322 | D:8      | Reached skill level 5 in Throwing
  7329 | D:8      | Reached XP level 10. HP: 91/91 MP: 9/9
  7333 | D:8      | Found a glowing golden altar of the Shining One.
  7341 | D:8      | Reached **** piety under Trog
  7342 | D:8      | Reached skill level 5 in Armour
  8106 | D:8      | Found a staircase to the Lair.
  8159 | D:8      | Reached skill level 5 in Dodging
  8296 | Lair:1   | Entered Level 1 of the Lair of Beasts
  8348 | Lair:1   | Noticed a boulder beetle
  8385 | Lair:1   | Killed a boulder beetle
  8386 | Lair:1   | Reached skill level 13 in Axes
  8386 | Lair:1   | Reached skill level 1 in Evocations
  8574 | Lair:1   | Identified the +2 leather armour of the Eight Boll Weevils
                  | {*Corrode rElec Int+5 Slay+2}
  8800 | Lair:1   | Noticed a cane toad
  8804 | Lair:1   | Killed a cane toad
  9089 | Lair:1   | Noticed a cane toad
  9097 | Lair:1   | Reached skill level 10 in Fighting
  9097 | Lair:1   | Reached XP level 11. HP: 82/99 MP: 10/10
  9859 | Lair:2   | Noticed a six-headed hydra
  9868 | Lair:2   | Killed a six-headed hydra
  9915 | Lair:2   | Found an iron altar of Okawaru.
  9969 | Lair:2   | Found a dark tunnel.
  9969 | Lair:2   | Noticed a lindwurm
  9992 | Lair:2   | Killed a lindwurm
 10133 | Volcano  | Entered a volcano
 10237 | Volcano  | Reached skill level 14 in Axes
 10237 | Volcano  | Reached skill level 5 in Shields
 10742 | Volcano  | Noticed a sun demon
 10765 | Volcano  | Noticed a hell knight
 10773 | Volcano  | Killed a hell knight
 10774 | Volcano  | Reached skill level 5 in Evocations
 10778 | Volcano  | Killed a sun demon
 10820 | Volcano  | Found a bloodstained altar of Trog.
 10829 | Volcano  | Identified the +1 helmet of Subjectivity {rPois rF- rC+++
                  | Stlth+}
 11405 | Lair:2   | Reached XP level 12. HP: 110/110 MP: 11/11
 12045 | Lair:2   | Found a hole to the Spider Nest.
 12231 | Lair:3   | Noticed Sonja
 12260 | Abyss:1  | Cast into level 1 of the Abyss (Sonja)
 12294 | Abyss:1  | Found a corrupted altar of Lugonu.
 12310 | Abyss:1  | Noticed a profane servitor
 12346 | Abyss:1  | Reached skill level 15 in Axes
 12358 | Abyss:1  | Noticed a tentacled starspawn
 12372 | Abyss:1  | Noticed a bone dragon
 12381 | Abyss:1  | Slain by a bone dragon

Illustrated notes

Levels and vault maps discovered:
D:1:      grunt_arrival_crossed_arrows, layout_loops_corners,
          shapermc_ecumenical_altar_totnotflames
D:2:      layout_basic
D:3:      layout_rooms, gammafunk_temple_overflow_elements
D:4:      layout_basic, nicolae_qazlal_scattered_showers
D:5:      layout_layer_cave, nicolae_sif_muna_little_library,
          hellmonk_ghost_happy_afterlife, uniq_pikel
D:6:      layout_basic, xom_confusion_cloud,
          mainiacjoe_overflow_surrounded_room, temple_pool_b,
          serial_corexii_hall, corexii_hall_statues_i,
          chequers_hall_statues_wall_a, palyth_stone_intersect,
          minmay_stone_trees_medium, minmay_stone_trees_small, uniq_duvessa,
          uniq_sigmund, uniq_maggie, uniq_menkaure
D:7:      layout_basic, mainiacjoe_overflow_boulevard, minmay_misc_feat_tower
D:8:      cheibrodos_quashed, layout_gridville,
          mainiacjoe_overflow_small_starburst, lair_entry_dummy
Lair:1:   layout_layer_cave, st_stairs_10, serial_bayou_shore_b,
          serial_bayou_shore_b
Lair:2:   layout_hall_layers, hellmonk_spider_entry_life_and_decay,
          nicolae_volcano_entry_vermiform, st_stairs_8, lemuel_altar_in_water2,
          serial_bayou_shore_a, infiniplex_staircase_pool
Lair:3:   layout_layer_cave, minmay_swamp_entry_worms, st_stairs_7, uniq_sonja
Abyss:1:  base:
Lair:3

Skill      XL: |  1  2  3  4  5  6  7  8  9 10 11 12 |
---------------+-------------------------------------+-----
Axes           | 4 5 6 7 8 10 11 12 13 14 15 | 15.0
Fighting       | 4 5 6 7 8 9 10 11 12 | 12.1
Throwing       | 2 5 6 |  6.1
Armour         | 3 4 6 7 8 |  8.1
Dodging        | 3 4 5 7 |  7.3
Shields        | 1 4 5 |  5.0
Evocations     | 3 5 |  5.0

Action                   |  1- 3 |  4- 6 |  7- 9 | 10-12 || total
-------------------------+-------+-------+-------+-------++-------
Melee: Hand axe          |    78 |    95 |    21 |       ||   194
       Headbutt          |    10 |    19 |    38 |    61 ||   128
       Punch             |     2 |     1 |     2 |       ||     5
       Morningstar       |       |       |    80 |    23 ||   103
       War axe           |       |       |    95 |   291 ||   386
Throw: Boomerang         |       |     9 |    40 |    32 ||    81
       Stone             |       |       |       |    46 ||    46
Invok: Berserk           |     1 |     2 |     3 |     6 ||    12
       Trog's Hand       |       |       |     4 |     3 ||     7
       Brothers in Arms  |       |       |       |     1 ||     1
Evoke: Wand              |       |       |       |     3 ||     3
  Use: Scroll            |       |     6 |     3 |     5 ||    14
       Potion            |       |       |     1 |     2 ||     3
 Stab: Sleeping          |     1 |       |       |       ||     1
       Distracted        |       |       |     1 |       ||     1
Armor: Animal skin       |     4 |       |       |       ||     4
       Scale mail        |    20 |    28 |     1 |    31 ||    80
       Plate armour      |       |       |    80 |    85 ||   165
Dodge: Dodged            |    53 |    39 |    50 |   137 ||   279
Block: Other             |       |       |    25 |       ||    25
       Buckler           |       |       |    21 |   145 ||   166
       Reflection        |       |       |       |     8 ||     8
